ORI
UNIVERSITY OF VIRGINIA CAVALIERS @ CALIFORNIA STATE UNIVERSITY AT FULLERTON TITANS
10/20/2048
 
TOP OF THE 1ST
University of Virginia Cavaliers batting - Pitching for California State University at Fullerton Titans : RHP Marco Alvarado
Pitching: RHP Marco Alvarado
Batting: RHB Scott Anderson 0-0: Ball
1-0: SINGLE (Groundball, 34S, EV 73.1 MPH) (infield hit)
Batting: RHB Jose Velez 0-0: Ball
1-0: Ball
2-0: Called Strike
2-1: Swinging Strike
2-2: Ball
3-2: Base on Balls
Scott Anderson to second
Batting: LHB Alex Aguilar 0-0: Called Strike
0-1: Foul Ball, location: 2F
0-2: Foul Ball, location: 2F
0-2: Strikes out swinging
Batting: RHB Pedro Lopez 0-0: Called Strike
Scott Anderson steals 3rd base
0-1: SINGLE (Line Drive, 6MD, EV 95.0 MPH)
Scott Anderson scores
Jose Velez to second
Runner from 2nd tries for 3rd, OUT! 8-5
Batting: LHB Edelberto Barbas 0-0: Swinging Strike
0-1: SINGLE (Line Drive, 9S, EV 90.0 MPH)
Pedro Lopez to second
Runner from 2nd tries for 3rd, SAFE, throw by RF made to third
Batting: LHB Josh Glass 0-0: Foul Ball, location: 2F
0-1: Called Strike
0-2: Ball
1-2: Foul Ball, location: 2F
1-2: Ball
2-2: Foul Ball, location: 2F
2-2: Foul Ball, location: 2F
2-2: Ball
3-2: Ground out 6-3 (Groundball, 6, EV 100.6 MPH)
Top of the 1st over - 1 run, 3 hits, 0 errors, 2 left on base; University of Virginia 1 - California State University at Fullerton 0
BOTTOM OF THE 1ST
California State University at Fullerton Titans batting - Pitching for University of Virginia Cavaliers : RHP Jayden Currie
Pitching: RHP Jayden Currie
Batting: LHB Mike Fernandez 0-0: Ball
1-0: Ball
2-0: Ball
3-0: Called Strike
3-1: Foul Ball, location: 2F
3-2: Base on Balls
Batting: RHB Simon Sultzbach 0-0: Foul Ball, location: 2F
0-1: Grounds into double play, 6-4-3 (Groundball, 6S, EV 93.1 MPH)
Batting: LHB Alberto Aguilar 0-0: Ball
1-0: Foul Ball, location: 2F
1-1: Ball
2-1: Swinging Strike
2-2: Strikes out swinging
Bottom of the 1st over - 0 runs, 0 hits, 0 errors, 0 left on base; University of Virginia 1 - California State University at Fullerton 0
TOP OF THE 2ND
University of Virginia Cavaliers batting - Pitching for California State University at Fullerton Titans : RHP Marco Alvarado
Batting: LHB Jason Chase 0-0: Ball
1-0: Foul Ball, location: 2F
1-1: Called Strike
1-2: Strikes out swinging
Batting: RHB Nick Cech 0-0: Called Strike
0-1: Foul Ball, location: 2F
0-2: Ball
1-2: Ball
2-2: Strikes out swinging
Batting: RHB Rob Coble 0-0: Ball
1-0: Swinging Strike
1-1: Swinging Strike
1-2: Strikes out swinging
Top of the 2nd over - 0 runs, 0 hits, 0 errors, 0 left on base; University of Virginia 1 - California State University at Fullerton 0
BOTTOM OF THE 2ND
California State University at Fullerton Titans batting - Pitching for University of Virginia Cavaliers : RHP Jayden Currie
Batting: RHB Justin Thomas 0-0: Ball
1-0: Foul Ball, location: 2F
1-1: SINGLE (Flyball, 8RS, EV 89.4 MPH)
Batting: SHB Jason Pugh 0-0: Foul Ball, location: 2F
0-1: Ball
1-1: Swinging Strike
1-2: Ball
2-2: Foul Ball, location: 2F
2-2: Hit by Pitch
Justin Thomas to second
Batting: LHB John Blumberg 0-0: Called Strike
0-1: Ball
1-1: Ball
2-1: Fielders Choice at 2nd, 4-6 (Groundball, 4, EV 105.6 MPH)
Justin Thomas to third
Batting: LHB Steve Lane 0-0: Ball
1-0: Grounds into double play, 5-4-3 (Groundball, 56, EV 92.5 MPH)
Bottom of the 2nd over - 0 runs, 1 hit, 0 errors, 1 left on base; University of Virginia 1 - California State University at Fullerton 0
TOP OF THE 3RD
University of Virginia Cavaliers batting - Pitching for California State University at Fullerton Titans : RHP Marco Alvarado
Batting: RHB Scott Anderson 0-0: Called Strike
0-1: Swinging Strike
0-2: Foul Ball, location: 2F
0-2: Strikes out swinging
Batting: RHB Jose Velez 0-0: Ball
1-0: Ball
2-0: Called Strike
2-1: Ball
3-1: Base on Balls
Batting: LHB Alex Aguilar 0-0: Called Strike
0-1: Ball
1-1: Swinging Strike
1-2: Strikes out swinging
Batting: RHB Pedro Lopez 0-0: Ball
1-0: Foul Ball, location: 2F
1-1: Ball
2-1: Ball
3-1: SINGLE (Line Drive, 3D, EV 95.6 MPH)
Jose Velez to second
Runner from 2nd tries for 3rd, SAFE, throw by RF made to third
Batting: LHB Edelberto Barbas 0-0: Ball
1-0: Ball
2-0: Fly out, F8 (Flyball, 8RD, EV 101.2 MPH)
Top of the 3rd over - 0 runs, 1 hit, 0 errors, 2 left on base; University of Virginia 1 - California State University at Fullerton 0
BOTTOM OF THE 3RD
California State University at Fullerton Titans batting - Pitching for University of Virginia Cavaliers : RHP Jayden Currie
Batting: RHB Alex Freyre 0-0: Foul Ball, location: 2F
0-1: Ball
1-1: Called Strike
1-2: Ball
2-2: Ball
3-2: Foul Ball, location: 2F
3-2: SINGLE (Groundball, 56S, EV 71.9 MPH) (infield hit)
Batting: RHB Takayashi Hori 0-0: Ball
Alex Freyre steals 2nd base
1-0: Foul Ball, location: 2F
1-1: Swinging Strike
1-2: SINGLE (Groundball, 6S, EV 70.0 MPH) (infield hit)
Alex Freyre to third
Batting: LHB Mike Fernandez 0-0: Called Strike
0-1: Foul Ball, location: 2F
0-2: Ball
1-2: Ball
2-2: Ball
3-2: SINGLE (Groundball, 56D, EV 96.2 MPH)
Alex Freyre scores
Takayashi Hori to second
Batting: RHB Simon Sultzbach 0-0: Ball
1-0: Swinging Strike
1-1: Foul Ball, location: 2F
1-2: Ball
2-2: Ball
3-2: Foul Ball, location: 2F
3-2: Foul Ball, location: 2F
3-2: Reached on error, E6 (Groundball, 6, EV 101.2 MPH)
Takayashi Hori to third
Mike Fernandez to second
Batting: LHB Alberto Aguilar 0-0: Called Strike
0-1: Foul Ball, location: 2F
0-2: Foul Ball, location: 2F
0-2: SINGLE (Line Drive, 4MD, EV 101.2 MPH)
Takayashi Hori scores
Mike Fernandez to third
Simon Sultzbach to second
Batting: RHB Justin Thomas 0-0: Called Strike
0-1: Fly out, F8 (Flyball, 8RM, EV 92.5 MPH)
Runner from 3rd tags up, SCORES, throw by CF
Batting: SHB Jason Pugh 0-0: Ball
1-0: DOUBLE (Groundball, 3L, EV 106.9 MPH)
Simon Sultzbach scores
Alberto Aguilar to third
Runner from 3rd tries for Home, SAFE, throw by RF to trailing runner, OUT at third! 9-3-5
Batting: LHB John Blumberg 0-0: Foul Ball, location: 2F
0-1: Ball
1-1: SINGLE (Groundball, 3D, EV 94.4 MPH)
Pitching: RHP Moses Villas
Batting: LHB Steve Lane 0-0: Ball
1-0: Swinging Strike
1-1: Foul Ball, location: 2F
1-2: Foul Ball, location: 2F
1-2: Strikes out looking
Bottom of the 3rd over - 5 runs, 6 hits, 1 error, 1 left on base; University of Virginia 1 - California State University at Fullerton 5
TOP OF THE 4TH
University of Virginia Cavaliers batting - Pitching for California State University at Fullerton Titans : RHP Marco Alvarado
Batting: LHB Josh Glass 0-0: Ball
1-0: Foul Ball, location: 2F
1-1: Foul Ball, location: 2F
1-2: SINGLE (Flyball, 8LS, EV 93.8 MPH)
Batting: LHB Jason Chase 0-0: Ball
Wild Pitch!
Josh Glass to second
1-0: Foul Ball, location: 2F
1-1: Foul Ball, location: 2F
1-2: DOUBLE (Line Drive, 78D, EV 106.2 MPH)
Josh Glass scores
Batting: RHB Nick Cech 0-0: Ball
1-0: Reached on error, E6 (Groundball, 6M, EV 91.9 MPH)
Jason Chase scores
Batting: RHB Rob Coble 0-0: Swinging Strike
0-1: Ball
1-1: Ball
2-1: Foul Ball, location: 2F
2-2: Foul Ball, location: 2F
2-2: SINGLE (Groundball, 34, EV 108.8 MPH)
Nick Cech to third
Pitching: RHP Jordan Vasquez
Batting: RHB Scott Anderson 0-0: Ball
1-0: Called Strike
1-1: Fly out, F7 (Flyball, 7, EV 81.9 MPH)
Runner from 3rd tags up, SCORES, throw by LF
Batting: RHB Jose Velez 0-0: Ball
1-0: Ball
2-0: Ball
3-0: Called Strike
3-1: Foul Ball, location: 2F
3-2: Reached on error, E6 (Groundball, 6, EV 85.6 MPH)
Rob Coble to second
Batting: LHB Alex Aguilar 0-0: Ball
1-0: Ball
2-0: Ball
3-0: Called Strike
3-1: Fly out, F9 (Line Drive, 9D, EV 94.4 MPH)
Batting: RHB Pedro Lopez 0-0: Called Strike
0-1: Ball
1-1: Ball
2-1: Fly out, F9 (Flyball, 9LS, EV 82.5 MPH)
Top of the 4th over - 3 runs, 3 hits, 2 errors, 2 left on base; University of Virginia 4 - California State University at Fullerton 5
BOTTOM OF THE 4TH
California State University at Fullerton Titans batting - Pitching for University of Virginia Cavaliers : RHP Moses Villas
Batting: RHB Alex Freyre 0-0: Called Strike
0-1: Ball
1-1: Ground out 1-3 (Groundball, 13S, EV 70.6 MPH)
Batting: RHB Takayashi Hori 0-0: Called Strike
0-1: Ball
1-1: Ball
2-1: DOUBLE (Line Drive, 7LS, EV 101.2 MPH)
Batting: LHB Mike Fernandez 0-0: Called Strike
0-1: Hit by Pitch
Pinch Runner at 1st Jim Snell:
Batting: RHB Simon Sultzbach 0-0: Called Strike
0-1: Swinging Strike
0-2: Foul Ball, location: 2F
0-2: Strikes out looking
Batting: LHB Alberto Aguilar 0-0: Ball
1-0: Ball
2-0: Foul Ball, location: 2F
2-1: Swinging Strike
2-2: 3-RUN HOME RUN (Flyball, 78XD, EV 106.9 MPH), Distance : 417 ft
Batting: RHB Justin Thomas 0-0: Ball
1-0: Called Strike
1-1: Ball
2-1: Foul Ball, location: 2F
2-2: Ball
3-2: SOLO HOME RUN (Flyball, 78XD, EV 105.6 MPH), Distance : 418 ft
Pitching: RHP Gregory Reader
Batting: SHB Jason Pugh 0-0: Ball
1-0: Ball
2-0: Called Strike
2-1: Foul Ball, location: 2F
2-2: Ball
3-2: Base on Balls
Batting: LHB John Blumberg 0-0: Ball
1-0: Ball
2-0: Fly out, F9 (Flyball, 89S, EV 83.8 MPH)
Bottom of the 4th over - 4 runs, 3 hits, 0 errors, 1 left on base; University of Virginia 4 - California State University at Fullerton 9
TOP OF THE 5TH
University of Virginia Cavaliers batting - Pitching for California State University at Fullerton Titans : RHP Jordan Vasquez
Now at 3B: Jim Snell
Batting: LHB Edelberto Barbas 0-0: Called Strike
0-1: Ball
1-1: Ball
2-1: Foul Ball, location: 2F
2-2: Ball
3-2: Ground out 5-3 (Groundball, 6, EV 86.2 MPH)
Batting: LHB Josh Glass 0-0: Ball
1-0: Swinging Strike
1-1: Foul Ball, location: 2F
1-2: Ground out 6-3 (Groundball, 6, EV 101.9 MPH)
Batting: LHB Jason Chase 0-0: Ball
1-0: Called Strike
1-1: Foul Ball, location: 2F
1-2: Ball
2-2: Ball
3-2: Reached on error, E6 (Groundball, 56, EV 103.1 MPH)
Batting: RHB Nick Cech 0-0: Called Strike
0-1: Fly out, F4 (Line Drive, 4M, EV 68.1 MPH)
Top of the 5th over - 0 runs, 0 hits, 1 error, 1 left on base; University of Virginia 4 - California State University at Fullerton 9
BOTTOM OF THE 5TH
California State University at Fullerton Titans batting - Pitching for University of Virginia Cavaliers : RHP Gregory Reader
Batting: LHB Steve Lane 0-0: Ball
1-0: Foul Ball, location: 2F
1-1: SINGLE (Groundball, 4D, EV 104.4 MPH)
Batting: RHB Alex Freyre 0-0: Ball
1-0: Foul Ball, location: 2F
1-1: Called Strike
Steve Lane is caught stealing 2nd base 2-4
1-2: Fly out, F8 (Flyball, 8LS, EV 78.1 MPH)
Batting: RHB Takayashi Hori 0-0: Called Strike
0-1: Ball
1-1: SINGLE (Groundball, 56D, EV 95.6 MPH)
Batting: LHB Jim Snell 0-0: Ball
Wild Pitch!
Takayashi Hori to second
1-0: Called Strike
1-1: Fly out, F8 (Flyball, 8RD, EV 85.6 MPH)
Bottom of the 5th over - 0 runs, 2 hits, 0 errors, 1 left on base; University of Virginia 4 - California State University at Fullerton 9
TOP OF THE 6TH
University of Virginia Cavaliers batting - Pitching for California State University at Fullerton Titans : RHP Jordan Vasquez
Batting: RHB Rob Coble 0-0: Called Strike
0-1: Foul Ball, location: 2F
0-2: Ball
1-2: Strikes out swinging
Batting: RHB Scott Anderson 0-0: Ball
1-0: SINGLE (Line Drive, 9LS, EV 108.1 MPH)
Batting: RHB Jose Velez 0-0: Ball
Scott Anderson is caught stealing 2nd base 2-4
1-0: Fly out, F8 (Flyball, 8RM, EV 81.9 MPH)
Top of the 6th over - 0 runs, 1 hit, 0 errors, 0 left on base; University of Virginia 4 - California State University at Fullerton 9
BOTTOM OF THE 6TH
California State University at Fullerton Titans batting - Pitching for University of Virginia Cavaliers : RHP Gregory Reader
Batting: RHB Simon Sultzbach 0-0: Ball
1-0: Swinging Strike
1-1: Ball
2-1: Ball
3-1: Base on Balls
Pitching: RHP Tzu-jao Chen
Batting: LHB Alberto Aguilar 0-0: Ball
1-0: SINGLE (Line Drive, 9S, EV 91.9 MPH)
Simon Sultzbach to second
Runner from 2nd tries for 3rd, SAFE, throw by RF made to third
Batting: RHB Justin Thomas 0-0: Foul Ball, location: 2F
0-1: Called Strike
0-2: Ball
1-2: Ball
2-2: Foul Ball, location: 2F
2-2: Grounds into double play, 6-4-3 (Groundball, 6, EV 100.0 MPH)
Simon Sultzbach scores
Batting: SHB Jason Pugh 0-0: Fly out, F6 (Popup, 56, EV 71.9 MPH)
Bottom of the 6th over - 1 run, 1 hit, 0 errors, 0 left on base; University of Virginia 4 - California State University at Fullerton 10
TOP OF THE 7TH
University of Virginia Cavaliers batting - Pitching for California State University at Fullerton Titans : RHP Jordan Vasquez
Batting: LHB Alex Aguilar 0-0: Foul Ball, location: 2F
0-1: Called Strike
0-2: Ball
1-2: Foul Ball, location: 2F
1-2: Ball
2-2: Foul Ball, location: 2F
2-2: Foul Ball, location: 2F
2-2: Ground out 4-3 (Groundball, 4, EV 89.4 MPH)
Batting: RHB Pedro Lopez 0-0: Called Strike
0-1: Ball
1-1: SOLO HOME RUN (Flyball, 78XD, EV 104.4 MPH), Distance : 427 ft
Batting: LHB Edelberto Barbas 0-0: Ball
1-0: Foul Ball, location: 2F
1-1: Ball
2-1: DOUBLE (Line Drive, 89D, EV 104.4 MPH)
Pitching: RHP John Woods
Batting: LHB Josh Glass 0-0: Foul Ball, location: 2F
0-1: Swinging Strike
0-2: Ball
1-2: Strikes out swinging
Batting: LHB Jason Chase 0-0: SINGLE (Groundball, 34D, EV 100.6 MPH)
Edelberto Barbas to third
Runner from 3rd tries for Home, SAFE, throw by RF to home
Jason Chase to second
Batting: RHB Nick Cech 0-0: Called Strike
0-1: Foul Ball, location: 2F
0-2: Ball
1-2: Ball
2-2: Reached on error, E6 (Groundball, 6, EV 82.5 MPH)
Jason Chase scores
Batting: RHB Rob Coble 0-0: Ball
1-0: Ball
2-0: Ground out 1-3 (Groundball, 13S, EV 71.2 MPH)
Top of the 7th over - 3 runs, 3 hits, 1 error, 1 left on base; University of Virginia 7 - California State University at Fullerton 10
BOTTOM OF THE 7TH
California State University at Fullerton Titans batting - Pitching for University of Virginia Cavaliers : RHP Tzu-jao Chen
Batting: LHB John Blumberg 0-0: Ball
1-0: Foul Ball, location: 2F
1-1: Foul Ball, location: 2F
1-2: Ground out U3 (Groundball, 34S, EV 79.4 MPH)
Batting: LHB Steve Lane 0-0: Fly out, F8 (Flyball, 8LD, EV 93.1 MPH)
Batting: RHB Alex Freyre 0-0: Called Strike
0-1: Foul Ball, location: 2F
0-2: Ball
1-2: Ball
2-2: Foul Ball, location: 2F
2-2: Strikes out swinging
Bottom of the 7th over - 0 runs, 0 hits, 0 errors, 0 left on base; University of Virginia 7 - California State University at Fullerton 10
TOP OF THE 8TH
University of Virginia Cavaliers batting - Pitching for California State University at Fullerton Titans : RHP John Woods
Batting: RHB Scott Anderson 0-0: DOUBLE (Line Drive, 9LS, EV 90.0 MPH)
Batting: RHB Jose Velez 0-0: Called Strike
0-1: Ball
1-1: SINGLE (Groundball, 6, EV 97.5 MPH)
Scott Anderson to third
Runner from 3rd tries for Home, SAFE, throw by CF to home
Batting: LHB Alex Aguilar 0-0: SINGLE (Flyball, 8RS, EV 88.8 MPH)
Jose Velez to second
Batting: RHB Pedro Lopez 0-0: Ball
1-0: Ball
2-0: Ball
3-0: Base on Balls
Jose Velez to third
Alex Aguilar to second
Pitching: RHP David Akers
Batting: LHB Edelberto Barbas 0-0: Called Strike
0-1: Ball
1-1: Ball
2-1: Called Strike
2-2: Foul Ball, location: 2F
2-2: Grounds into fielders choice 6-2 (Groundball, 6M, EV 88.8 MPH)
Alex Aguilar to third
Pedro Lopez to second
Batting: LHB Josh Glass 0-0: Ball
1-0: Foul Ball, location: 2F
1-1: Grounds into double play, 4-2-3 (Groundball, 13, EV 89.4 MPH)
Top of the 8th over - 1 run, 3 hits, 0 errors, 2 left on base; University of Virginia 8 - California State University at Fullerton 10
BOTTOM OF THE 8TH
California State University at Fullerton Titans batting - Pitching for University of Virginia Cavaliers : RHP Tzu-jao Chen
Pitching: RHP Waldemar Toet
Batting: RHB Takayashi Hori 0-0: Fly out, F6 (Line Drive, 6M, EV 61.2 MPH)
Batting: LHB Jim Snell 0-0: Ball
1-0: Called Strike
1-1: Ball
2-1: Swinging Strike
2-2: Ball
3-2: Fly out, F4 (Popup, 4MD, EV 70.0 MPH)
Batting: RHB Simon Sultzbach 0-0: Ball
1-0: Ball
2-0: Swinging Strike
2-1: Ball
3-1: Ground out U3 (Groundball, 3, EV 106.2 MPH)
Bottom of the 8th over - 0 runs, 0 hits, 0 errors, 0 left on base; University of Virginia 8 - California State University at Fullerton 10
TOP OF THE 9TH
University of Virginia Cavaliers batting - Pitching for California State University at Fullerton Titans : RHP David Akers
Pitching: RHP T.J. Keenan
Batting: LHB Jason Chase 0-0: Called Strike
0-1: Ball
1-1: Foul Ball, location: 2F
1-2: Ball
2-2: Ball
3-2: Fly out, F9 (Flyball, 9S, EV 85.0 MPH)
Batting: RHB Nick Cech 0-0: Ball
1-0: Ball
2-0: Ground out 6-3 (Groundball, 6, EV 109.4 MPH)
Batting: RHB Rob Coble 0-0: Ball
1-0: Called Strike
1-1: Foul Ball, location: 2F
1-2: Ball
2-2: Strikes out swinging
Top of the 9th over - 0 runs, 0 hits, 0 errors, 0 left on base; University of Virginia 8 - California State University at Fullerton 10
Tuesday, March 28th , 2023 - OOTP Baseball 23.10 Build 110